 Dungeon Crawl Stone Soup version 0.30-a0-627-gc11e7ae810 (webtiles) character file.

Game seed: 12378620744767431801

522 Caratheodory the Gusty (level 7, -6/46 HPs)
             Began as an Octopode Air Elementalist on Jan 12, 2023.
             Mangled by an ice beast (14 damage)
             ... on level 6 of the Dungeon.
             The game lasted 00:13:14 (5642 turns).

Caratheodory the Gusty (Octopode Air Elementalist)  Turns: 5642, Time: 00:13:14

Health: -6/46      AC:  1    Str: 14    XL:     7   Next: 22%
Magic:  6/10       EV: 14    Int: 19    God:
Gold:   275        SH:  0    Dex: 12    Spells: 6/10 levels left

rFire   . . .      SeeInvis .      - Unarmed
rCold   . . .      Faith    .    (no shield)
rNeg    . . .      Spirit   .    (helmet restricted)
rPois   .          Reflect  .    (no amulet)
rElec   .          Harm     .    l - +6 ring of strength
rCorr   +          Rampage  .    o - ring of resist corrosion
Will    .....                    (no ring)
Stlth   +++                      (no ring)
HPRegen 0.27/turn                (no ring)
MPRegen 0.12/turn                (no ring)
                                 (no ring)
                                 (no ring)

@: no status effects
A: almost no armour, amphibious, 8 rings, camouflage 1, gelatinous body 1,
(nimble swimmer 1), tentacles
a: no special abilities


You were on level 6 of the Dungeon.
You visited 1 branch of the dungeon, and saw 6 of its levels.

You collected 275 gold pieces.

Inventory:

Missiles
 y - a boomerang of dispersal
Armour
 e - a +0 buckler
Jewellery
 l - a +6 ring of strength (left tentacle)
 o - a ring of resist corrosion (right tentacle)
 u - a ring of fire
Scrolls
 b - a scroll of blinking {unknown}
 c - 2 scrolls of teleportation {unknown}
 d - 2 scrolls of butterflies {unknown}
 g - a scroll of immolation {unknown}
 k - 2 scrolls of noise {unknown}
 m - 2 scrolls of magic mapping {unknown}
 n - a scroll of brand weapon {unknown}
 r - 2 scrolls of fog {unknown}
 s - 2 scrolls of vulnerability {unknown}
 t - a scroll of silence {unknown}
 x - a scroll of enchant armour {unknown}
Potions
 a - a potion of magic
 f - a potion of attraction {unknown}
 h - 6 potions of curing {unknown}
 i - a potion of degeneration {unknown}
 j - a potion of heal wounds {unknown}
 p - 2 potions of might {unknown}
 q - 2 potions of mutation {unknown}
 v - a potion of lignification {unknown}
 w - a potion of berserk rage {unknown}
 z - a potion of brilliance {unknown}


   Skills:
 + Level 3.0 Fighting
 + Level 3.9 Dodging
 - Level 2.6 Stealth
 + Level 2.8 Shields
 + Level 3.0 Unarmed Combat
 - Level 2.0 Spellcasting
 - Level 1.0 Conjurations
 + Level 4.4 Air Magic


You had 6 spell levels left.
You knew the following spells:

 Your Spells              Type           Power      Damage    Failure   Level
a - Shock                 Conj/Air       48%        1d6       5%          1
b - Swiftness             Air            18%        N/A       9%          3

Your spell library contained the following spells:

 Spells                   Type           Power      Damage    Failure   Level
 Static Discharge         Conj/Air       24%        2-3/arc   9%          2
 Freeze                   Ice            4%         1d3       17%         1
 Vhi's Electric Charge    Tloc/Air       20%        N/A       21%         3
 Airstrike                Air            9%         2d(2-18)  26%         4
 Hailstorm                Conj/Ice       3%         3d3       38%         3
 Frozen Ramparts          Ice            2%         1d1       45%         3
 Tukima's Dance           Hex            1%         N/A       45%         3
 Arcjolt                  Conj/Air       6%         1d16      83%         5
 Lightning Bolt           Conj/Air       6%         1d18      83%         5
 Passage of Golubria      Tloc           1%         N/A       86%         4
 Yara's Violent Unravell  Hex/Tmut       0%         3d3       99%         5


Dungeon Overview and Level Annotations

Branches:
Dungeon (6/15)
 Temple: D:4-7

Altars:

Annotations:
D:6 Menkaure


Innate Abilities, Weirdness & Mutations

You cannot wear most types of armour.
You are amphibious.
You can wear up to eight rings at the same time.
Your skin changes colour to match your surroundings (Stealth+).
Your rubbery body absorbs attacks. (AC +1, EV +1)
((You are camouflaged when in or above water. (Stealth+)))
You have tentacles for arms and can constrict up to eight enemies at once.


Message History

Press: ? - help, Shift-Dir - straight line, f/p - ice beast
Aim: an ice beast (moderately wounded, 68% to hit)
The zap hits the ice beast.
The ice beast is heavily wounded.
Casting: Shock (safe; 5% risk of failure)
Confirm with . or Enter, or press ? or * to list all spells.
Aiming: Shock (safe; 5% risk of failure)
Press: ? - help, Shift-Dir - straight line, f/p - ice beast
Aim: an ice beast (heavily wounded, 68% to hit)
The zap misses the ice beast.
Casting: Shock (safe; 5% risk of failure)
Confirm with . or Enter, or press ? or * to list all spells.
Aiming: Shock (safe; 5% risk of failure)
Press: ? - help, Shift-Dir - straight line, f/p - ice beast
Aim: an ice beast (heavily wounded, 68% to hit)
The zap hits the ice beast.
The ice beast is heavily wounded.
You tentacle-slap the ice beast. You squeeze the ice beast.
The ice beast is severely wounded.
The ice beast barely misses you.
You tentacle-slap the ice beast. Your squeeze misses the ice beast.
The ice beast is severely wounded.
The ice beast hits you. The ice beast freezes you.
You tentacle-slap the ice beast but do no damage.
The ice beast is severely wounded.
The ice beast hits you. The ice beast freezes you!
You closely miss the ice beast.
The ice beast is severely wounded.
The ice beast closely misses you.
You tentacle-slap the ice beast but do no damage.
Your squeeze misses the ice beast.
The ice beast is severely wounded.
The ice beast hits you. The ice beast freezes you!
* * * LOW HITPOINT WARNING * * *
You tentacle-slap the ice beast but do no damage.
The ice beast is severely wounded.
The ice beast hits you.
* * * LOW HITPOINT WARNING * * *
The ice beast freezes you!
You die...

......)....#####.............
......).[..# #.............
....)..)...# #.............
...........# #.............
...........### #.....).......
######.......# ##############
#.......# #.......# #......@+
#......Y# #.......# #........
#......... #.........
+.......... #..........


You could see an ice beast.

Vanquished Creatures
  2 scorpions (D:5)
  2 jellies (D:5)
  3 hounds
  3 iguanas (D:5)
  An orc wizard (D:6)
  4 adders
  A shadow imp (D:5)
  2 worms
  2 dart slugs (D:2)
  12 orcs
  4 bats
  5 endoplasms
  4 giant cockroaches
  6 goblins
  9 hobgoblins
  2 jackals (D:4)
  12 kobolds
  3 quokkas
  5 ball pythons
  3 frilled lizards
  2 rats (D:1)
87 creatures vanquished.

Notes
Turn   | Place    | Note
-------+----------+-------------------------------------------
     0 | D:1      | Caratheodory the Octopode Air Elementalist began the quest
                  | for the Orb.
     0 | D:1      | Reached XP level 1. HP: 11/11 MP: 3/3
   138 | D:1      | Reached XP level 2. HP: 18/18 MP: 3/5
   721 | D:1      | Found a faded altar of an unknown god.
   932 | D:1      | Reached skill level 1 in Fighting
   939 | D:1      | Reached skill level 1 in Unarmed Combat
   990 | D:2      | Reached XP level 3. HP: 23/23 MP: 3/6
  2302 | D:3      | Reached XP level 4. HP: 28/28 MP: 3/7
  2320 | D:3      | Reached skill level 1 in Shields
  3469 | D:4      | Reached XP level 5. HP: 34/34 MP: 5/8
  3825 | D:5      | Entered Level 5 of the Dungeon
  4015 | D:5      | Reached skill level 4 in Air Magic
  4015 | D:5      | Reached XP level 6. HP: 38/39 MP: 3/9
  5060 | D:6      | Noticed Menkaure
  5141 | D:5      | Learned a level 3 spell: Swiftness
  5200 | D:5      | Reached XP level 7. HP: 11/45 MP: 7/10
  5642 | D:6      | Mangled by an ice beast

Illustrated notes

Levels and vault maps discovered:
D:1:      dpeg_arrival_lava_temple_mockup, layout_loops_ring,
          shapermc_ecumenical_altar_totnotflames, minmay_nonomino_d4
D:2:      layout_loops_ring, kennysheep_generic_room_15
D:3:      layout_basic, minivault_4
D:4:      layout_rooms, kennysheep_another_room
D:5:      layout_basic, hex_tiny
D:6:      layout_gridville, nicolae_overflow_crystal_walls, uniq_menkaure

Skill      XL: |  1  2  3  4  5  6  7 |
---------------+----------------------+-----
Fighting       | 1 2 3 |  3.0
Unarmed Combat | 1 2 3 |  3.0
Shields        | 1 2 |  2.8
Dodging        | 3 |  3.9
Air Magic      | 4 |  4.4
Stealth        | |  2.6
Spellcasting   | |  2.0
Conjurations   | |  1.0

Action                   |  1- 3 |  4- 6 |  7- 9 || total
-------------------------+-------+-------+-------++-------
Melee: Unarmed           |    29 |    58 |    17 ||   104
       Tentacles         |     6 |    16 |     4 ||    26
       Constrict         |     8 |    14 |     2 ||    24
       Punch             |     1 |     4 |       ||     5
 Cast: Shock             |    72 |   100 |    20 ||   192
Armor: Skin              |     3 |     2 |     1 ||     6
Dodge: Dodged            |    14 |    34 |     8 ||    56

Table legend: (Time is in decaauts)
 A = Elapsed time spent in this place.
 B = Non-inter-level travel time spent in this place.
 C = Inter-level travel time spent in this place.
 D = Time resting spent in this place.
 E = Time spent auto-exploring this place.
 F = Levels seen in this place.
 G = Mean time per level.
                   A        B        C        D        E       F      G
               +--------+--------+--------+--------+--------+-----+--------+
         Total |   5637 |   5569 |     68 |      0 |   5014 |   6 |  939.5 |
       Dungeon |   5637 |   5569 |     68 |      0 |   5014 |   6 |  939.5 |
               +--------+--------+--------+--------+--------+-----+--------+

Top non-repeatable levels by time:
     D:5: 1510 daAuts
     D:3: 1169 daAuts
     D:1: 983 daAuts
     D:2: 892 daAuts
     D:4: 776 daAuts
     D:6: 305 daAuts
